[Event "*** Titled Tuesday Blitz"]
[Site "Chess.com"]
[Date "2018.11.06"]
[Round "8"]
[White "Zarikovs1999"]
[Black "CarlssonLudvig"]
[Result "0-1"]
[WhiteElo "2331"]
[BlackElo "2282"]
[TimeControl "180+2"]
[EndTime "14:51:58 PST"]
[Termination "CarlssonLudvig won by resignation"]

1. Nf3 d5 2. c4 d4 3. e3 Nc6 4.
exd4 Nxd4 5. Nc3 Nh6 6. d3 Nhf5 7. Be3 g6 8. Be2 Bg7 9. O-O O-O 10. Ne4 b6 11. Ng3 Bb7 12. Nxf5 Nxf5 13. Qc2 c5 14.
Rad1 e5 15. Rfe1 Qc7 16. h3 Rad8 17. Nh2 e4 18. dxe4 Nxe3 19. fxe3 Qe5 20. Nf3 Qxb2 21.
Qxb2 Bxb2 22. Bd3 Rfe8 23. Bc2 Rxd1 24. Rxd1 Bxe4 25. Ba4 Re7 26. Kf2 Bb7 27. g4 Kg7 28. Rd2 Bc1 29. Rd3 Be4 30. Rc3 Bb2 31. Rb3 Ba1 32. Ne1 f5 33. gxf5 gxf5 34. Ra3 Bb2 35. Rb3 Bf6 36. Ng2 Bc2 37. Ra3 Bb2 38. Bxc2 Bxa3 39.
Bxf5 Bc1 40. e4 a6 41. a4 Rb7 42. Bc8 Ra7 43. Nh4 Kf6 44. Nf5 Bf4 45. Kf3 Be5 46. Ne3 Bd4 47. Nd5+ Ke5 48. Nxb6 Rf7+ 49. Ke2 Kxe4 50.
Nd5 Rf2+ 51. Ke1 Ra2 52. Bxa6 Rxa4 53. Bb7 Ra1+ 54. Ke2 Ra2+ 55. Ke1 Kd3 56. Kf1 Kxc4 57. Ne7 Kd3 58. Nc6 Rf2+ 59. Ke1 Rb2 60. Ba6+ Ke3 61. Kf1 Rb6 0-1

[Event "*** Titled Tuesday Blitz"]
[Site "Chess.com"]
[Date "2018.11.06"]
[Round "8"]
[White "jacky72"]
[Black "Jospem"]
[Result "0-1"]
[WhiteElo "2698"]
[BlackElo "2811"]
[TimeControl "180+2"]
[EndTime "14:52:01 PST"]
[Termination "Jospem won by resignation"]

1. d4 Nf6 2. c4 e6 3. Nf3 Bb4+ 4. Bd2 Qe7 5. g3 Bxd2+ 6. Nbxd2 d6 7. Bg2 a5 8. O-O O-O 9. Qc2 Nc6 10. a3 e5 11.
d5 Nb8 12. e4 a4 13. Ne1 Nbd7 14. Nd3 c6 15. Rae1 Qd8 16. Kh1 cxd5 17. exd5 Qc7 18. f4 exf4 19. Rxf4 b5 20. Rc1 bxc4 21. Qxc4 Qa7 22.
Qd4 Ba6 23. Qxa7 Rxa7 24. Rxa4 Nb6 25. Ra5 Nbxd5 26. Ne4 Nxe4 27. Bxe4 Bxd3 28. Rxa7 Bxe4+ 29. Kg1 Nf6 30. b4 g6 31. b5 Rb8 32. a4 d5 33.
Rd1 Kg7 34. Ra6 Nd7 35. Rc6 Ne5 36. Ra6 Rc8 37. Kf2 Rc2+ 38. Ke3 Rb2 39. Kd4 Nc4 40. Re1 Nd2 41. Kc3 Rc2+ 42. Kb4 Rb2+ 43. Kc5 Bf3 44. b6 Ne4+ 45. Kd4 Rb4+ 46. Ke5 Nc5 47. Ra7 Nd3+ 48. Kd6 Nxe1 49. b7 d4 50. b8=Q Rxb8 0-1

[Event "*** Titled Tuesday Blitz"]
[Site "Chess.com"]
[Date "2018.11.06"]
[Round "8"]
[White "aRk_iN"]
[Black "PawnEatingZombie"]
[Result "1-0"]
[WhiteElo "2153"]
[BlackElo "2095"]
[TimeControl "180+2"]
[EndTime "14:52:04 PST"]
[Termination "aRk_iN won by checkmate"]

1. e4 e6 2. d4 d5 3. Nc3 Nf6 4. e5 Nfd7 5. f4 c5 6. Nf3 Nc6 7. Be3 a6 8. Qd2 b5 9. dxc5 Bxc5 10. a3 Qb6 11. Bf2 Bb7 12. Bd3 Bxf2+ 13. Qxf2 Qxf2+ 14. Kxf2 Ke7 15. Ne2 Nc5 16. Ned4 Ne4+ 17. Ke3 f6 18. Rhf1 Rac8 19. c3 h6 20. Rae1 f5 21. Nxc6+ Bxc6 22. Bxe4 dxe4 23. Nd4 Bd5 24. Rf2 g5 25. g3 g4 26. Rd2 Rcd8 27. Red1 Bb7 28. Nb3 Rxd2 29. Rxd2 Rd8 30. Rxd8 Kxd8 31. Nc5 Bc8 32. Kd4 Kc7 33.
b4 Kc6 34. Nb3 Bd7 35. Nd2 Bc8 36. Nf1 Bd7 37. Ne3 h5 38. c4 Bc8 39. c5 Bd7 40. Kc3 Bc8 41. Kd2 Bd7 42. Ke1 Bc8 43. Kf2 Bd7 44. Kg2 Bc8 45. h3 Bd7 46. hxg4 hxg4 47.
Kf2 Bc8 48. Ke2 Bd7 49. Kd2 Bc8 50. Kc3 Bd7 51. Kb3 Bc8 52. Nd1 Bd7 53. Nc3 Bc8 54.
a4 Bd7 55. axb5+ axb5 56. Kc2 Bc8 57. Kd2 Bd7 58. Ne2 Kd5 59. Kc3 Bc8 60. Nd4 Bd7 61.
Nc2 Bc6 62. Ne3# 1-0

[Event "*** Titled Tuesday Blitz"]
[Site "Chess.com"]
[Date "2018.11.06"]
[Round "8"]
[White "GhostOfGreenval"]
[Black "olksuna"]
[Result "1-0"]
[WhiteElo "2704"]
[BlackElo "2538"]
[TimeControl "180+2"]
[EndTime "14:52:09 PST"]
[Termination "GhostOfGreenval won by resignation"]

1. d4 d5 2. c4 e6 3. Nf3 c6 4. g3 f5 5. Bg2 Nf6 6. O-O Bd6 7. Qc2 O-O 8. Nc3 b6 9. Rb1 Qe7 10. Bg5 Nbd7 11. cxd5 cxd5 12. Nb5 Ba6 13. Nxd6 Qxd6 14. Bf4 Qe7 15. Rfc1 Rfc8 16. Qd1 Ne4 17. Nd2 h6 18.
Nxe4 fxe4 19. f3 Nf6 20. Be5 exf3 21. Bxf3 Rxc1 22. Rxc1 Rc8 23. Rxc8+ Bxc8 24. Qc2 Bb7 25. Bxf6 Qxf6 26. Qc7 Qxd4+ 27. Kg2 Ba6 28. Qxa7 Bb5 29. b3 Qe3 30. Qb8+ Kh7 31. Qf4 Qxf4 32. gxf4 Kg6 33.
e3 Kf5 34. Kg3 g5 35. fxg5 hxg5 36. a4 Bd3 37. b4 Bc4 38. a5 bxa5 39. bxa5 Ba6 40. Kf2 Bb7 41. Be2 Ke4 42. a6 Ba8 43. Bb5 d4 44. exd4 Kxd4 45. Bf1 e5 46. Kg3 Ke3 47.
Kg4 Kf2 48. Bb5 Kg2 49. Kxg5 Kxh2 50. Kf5 e4 51. Kf4 Kg2 52. Ke3 Kg3 53. Bd7 Kh4 54. Bc8 1-0

[Event "*** Titled Tuesday Blitz"]
[Site "Chess.com"]
[Date "2018.11.06"]
[Round "8"]
[White "Slovak_fighter2000"]
[Black "ShadowJolteon"]
[Result "0-1"]
[WhiteElo "2298"]
[BlackElo "2388"]
[TimeControl "180+2"]
[EndTime "14:52:13 PST"]
[Termination "ShadowJolteon won by checkmate"]

1. d4 Nf6 2. Bf4 d5 3. Nf3 c5 4. e3 Nc6 5. Nbd2 Qb6 6. dxc5 Qxb2 7. Rb1 Qc3 8. Bb5 Qxc5 9. c4 Bf5 10. Rc1 dxc4 11.
Bxc6+ Qxc6 12. Nxc4 e5 13. Nfxe5 Bb4+ 14. Kf1 Qa6 15.
Qb3 Be7 16. Kg1 Be6 17. a4 O-O 18. h3 Rac8 19. Qb5 Qxb5 20. axb5 Nd5 21. Bg3 Nb6 22.
Ra1 Nxc4 23. Rxa7 Nxe5 24. Bxe5 Rc1+ 25. Kh2 Rxh1+ 26. Kxh1 Bd5 27. f3 Bc5 28. Ra1 Bxe3 29. Rd1 Bc4 30. Re1 Bf2 31. Rb1 Re8 32. Bc3 h5 33. g4 h4 34. Kg2 Re2 35. Bb4 Bg3+ 36. Kg1 Bd5 37. Rf1 Rb2 38. Bc3 Rxb5 39. Bd4 Rb4 40.
Bf2 Bxf2+ 41. Rxf2 Rb1+ 42. Kg2 b5 43. Rd2 Be6 44. f4 b4 45. f5 Bc4 46. g5 g6 47.
f6 b3 48. Rd4 Rc1 49. Rd8+ Kh7 50. Rb8 Rc2+ 51. Kf3 b2 52. Ke3 Ba2 53. Kd3 b1=Q 54.
Rxb1 Bxb1 55. Ke3 Rh2 56. Kf4 Rxh3 57. Kg4 Rg3+ 58. Kxh4 Rg1 59. Kh3 Rxg5 60. Kh4 Kh6 61. Kh3 Rf5 62. Kh4 Rxf6 63. Kg4 g5 64. Kh3 Kh5 65.
Kg3 g4 66. Kh2 Kh4 67. Kg1 g3 68. Kg2 Rf2+ 69. Kg1 Kh3 70. Kh1 Rf1# 0-1

[Event "*** Titled Tuesday Blitz"]
[Site "Chess.com"]
[Date "2018.11.06"]
[Round "8"]
[White "Morshynska"]
[Black "nochewycandy"]
[Result "0-1"]
[WhiteElo "2061"]
[BlackElo "2215"]
[TimeControl "180+2"]
[EndTime "14:52:20 PST"]
[Termination "nochewycandy won by resignation"]

1. d4 d5 2. c4 c6 3. Nf3 Nf6 4. e3 a6 5. cxd5 cxd5 6. Bd3 Nc6 7. h3 g6 8. Nc3 Bg7 9. Na4 O-O 10. O-O Ne4 11.
Nd2 Nxd2 12. Bxd2 e5 13. dxe5 Nxe5 14. Be2 Bf5 15. Bc3 Rc8 16. Bd4 Bc2 17. Qd2 Bxa4 18. Qb4 Bc6 19. Rfd1 Nd7 20. a4 Bxd4 21. Qxd4 Qf6 22.
Qd2 Nc5 23. Qb4 Ne4 24. Bf3 Rfe8 25. Ra3 Qe7 26. Qe1 Rcd8 27. Rd4 Nd6 28. Ra1 Nf5 29.
Rdd1 d4 30. Bxc6 bxc6 31. exd4 Qxe1+ 32. Rxe1 Nxd4 33. Red1 Nc2 34. Rxd8 Rxd8 35. Rc1 Nb4 36. a5 Rd2 37. b3 Rxf2 38. Rc4 Nd3 39. Rd4 Rd2 40. Rd6 Rd1+ 41. Kh2 Nf2 42. Rxc6 Rb1 43. Rb6 h5 44. Kg3 Nd3 45. h4 Nc5 46. b4 Nd3 47.
Rxa6 Rxb4 48. Ra8+ Kg7 49. Rd8 Nc5 50. Rd5 Rb5 51. Kh3 Rxa5 52. Kh2 Nb3 53. Rd3 Nc1 54.
Rc3 Ne2 55. Re3 Nd4 56. Re4 Nf5 57. Rf4 Rd5 58. Rc4 Rd4 0-1

[Event "*** Titled Tuesday Blitz"]
[Site "Chess.com"]
[Date "2018.11.06"]
[Round "8"]
[White "iturrizaga"]
[Black "nearestway"]
[Result "1/2-1/2"]
[WhiteElo "2792"]
[BlackElo "2542"]
[TimeControl "180+2"]
[EndTime "14:52:30 PST"]
[Termination "Game drawn by agreement"]

1. Nf3 c5 2. c4 Nf6 3. Nc3 e6 4. g3 b6 5. Bg2 Bb7 6. O-O Be7 7. d4 cxd4 8. Qxd4 O-O 9. Rd1 d6 10. Bg5 Nc6 11. Qd2 Qb8 12. Rac1 Rd8 13. h3 h6 14. Bf4 Ne5 15. b3 Ng6 16. Be3 d5 17. cxd5 Nxd5 18. Nxd5 Bxd5 19. Qb2 Qb7 20. Bd4 f6 21.
Bc3 Rac8 22. Rd3 b5 23. Rcd1 b4 24. Be1 a5 25. h4 Be4 26. Rxd8+ Rxd8 27. Rxd8+ Bxd8 28. Qd4 Bb6 29. Qc4 Bd5 30. Qc2 Ne7 31. Bh3 Kf7 32. Nd2 Qc6 33. Qd3 f5 34. h5 Bc7 35.
Nc4 Ng8 36. Ne3 Be4 37. Qd2 Bb6 38. Nc4 Bc7 39. a3 bxa3 40. Nxa3 Bd5 41. Qe3 Bb6 42. Qd3 Nf6 43. Nc4 Bc7 44. Bc3 a4 45.
Nd2 axb3 46. Bxf6 Kxf6 47. Nxb3 Qc4 48. Qd4+ Qxd4 49. Nxd4 Bb6 50. Nf3 Bc4 51. Bf1 Bb3 52. e3 e5 53. Be2 Bf7 54. Nd2 Bd5 55. Nf3 Ba5 56. Nh4 Bf7 57. f4 Bb6 58. Kf2 Bd5 59. Nf3 e4 60. Nh4 Bf7 61. g4 1/2-1/2

[Event "*** Titled Tuesday Blitz"]
[Site "Chess.com"]
[Date "2018.11.06"]
[Round "8"]
[White "NTBT_DHS"]
[Black "enriquetejedor"]
[Result "1-0"]
[WhiteElo "2767"]
[BlackElo "2508"]
[TimeControl "180+2"]
[EndTime "14:52:33 PST"]
[Termination "NTBT_DHS won by checkmate"]

1. d4 d5 2. c4 dxc4 3. Nf3 c5 4.
e3 e6 5. Bxc4 a6 6. a4 Nf6 7.
O-O Nc6 8. Nc3 Be7 9. Qe2 O-O 10. Rd1 cxd4 11. exd4 Nb4 12. Bf4 b6 13. Ne4 Bb7 14. Nxf6+ Bxf6 15. Be5 Bxf3 16. Qxf3 Bxe5 17. dxe5 Qc7 18.
Qe4 a5 19. Rac1 Rac8 20. h4 Qe7 21. Rc3 Rfd8 22. Rdc1 Rc5 23. g3 g6 24. Be2 Rxc3 25.
Rxc3 Nd5 26. Rc6 Qb4 27. Qxb4 Nxb4 28. Rxb6 Rd2 29. Bf1 Rxb2 30. Rb5 Ra2 31. Rxa5 Nc6 32. Rc5 Nd4 33. a5 Ra1 34. a6 Nb3 35. Rc8+ Kg7 36.
Kg2 Nd2 37. Bb5 Ra5 38. Rb8 Ne4 39. Be2 Nc3 40. Bc4 Ne4 41. Rb7 Rxe5 42. a7 Ra5 43.
Bxe6 Nd6 44. Rd7 Kf6 45. Bd5 Nc8 46. a8=Q Rxa8 47. Rxf7+ Ke5 48. Bxa8 h6 49. f4+ Ke6 50.
Rh7 Kf6 51. Be4 Nd6 52. Bd3 Ne8 53. Rxh6 Kg7 54. Rxg6+ Kh8 55. h5 Ng7 56. h6 Nh5 57. Rd6 Kg8 58. Bg6 Nf6 59. Rxf6 Kh8 60. Rf8# 1-0

[Event "*** Titled Tuesday Blitz"]
[Site "Chess.com"]
[Date "2018.11.06"]
[Round "8"]
[White "2Tilted"]
[Black "DawidCzerw"]
[Result "1/2-1/2"]
[WhiteElo "2410"]
[BlackElo "2266"]
[TimeControl "180+2"]
[EndTime "14:52:43 PST"]
[Termination "Game drawn by agreement"]

1. d4 d5 2. c4 c6 3. Nf3 Nf6 4. e3 a6 5. Bd2 b5 6. cxd5 cxd5 7. a4 bxa4 8. Nc3 e6 9. Ne5 Bd6 10. Qxa4+ Bd7 11. Nxd7 Nfxd7 12. Nb5 Be7 13. Bd3 O-O 14. O-O Nb6 15. Ba5 axb5 16. Qxb5 N8d7 17. Rac1 Qb8 18.
b4 Ra7 19. Rc6 Rb7 20. Qa6 Qa8 21. Rfc1 g6 22. g3 Rfb8 23. Qb5 Nc4 24. Qa4 Nxa5 25. bxa5 Rb4 26. Qc2 Rb2 27. Rc8+ Kg7 28. Rxb8 Qxb8 29. Qc7 Qb7 30. a6 Qxc7 31. Rxc7 Bd8 32. Rxd7 Bb6 33. Rb7 Rb3 34. Rxb6 Rxd3 35. Rb7 Ra3 36. a7 h5 37. h4 Ra2 38. Kg2 Kf6 39.
Kf3 Kg7 40. e4 Ra3+ 41. Kf4 dxe4 42. Kxe4 Kf6 43. f3 Ra4 44. g4 hxg4 45. fxg4 Kg7 46.
h5 gxh5 47. gxh5 Ra1 48. Ke5 Ra5+ 49. Kd6 Kh6 50. Rxf7 Ra6+ 51. Ke5 Kxh5 52. Rg7 Kh6 53. Re7 Kg5 54. Rxe6 Rxa7 55. d5 Ra1 56. Kd6 Kf5 57. Re8 Ra6+ 58. Kc5 Ra5+ 59. Kc6 Ra6+ 60. Kb7 Rd6 61.
Rf8+ Ke5 1/2-1/2

[Event "*** Titled Tuesday Blitz"]
[Site "Chess.com"]
[Date "2018.11.06"]
[Round "8"]
[White "Blagorod"]
[Black "Sordis"]
[Result "1-0"]
[WhiteElo "2096"]
[BlackElo "2272"]
[TimeControl "180+2"]
[EndTime "14:52:45 PST"]
[Termination "Blagorod won by resignation"]

1. e4 c5 2. Nc3 Nc6 3. g3 g6 4. Bg2 Bg7 5. d3 d6 6. Be3 e5 7. Nh3 Nge7 8. O-O O-O 9. f4 Nd4 10. Ne2 Bg4 11. Bxd4 cxd4 12. Nf2 Bd7 13. g4 f6 14. f5 Bh6 15. c4 Be3 16. Kh1 Bxf2 17. Rxf2 g5 18. Ng3 Be8 19. Bf3 Kg7 20. Kg2 Bf7 21.
Qd2 Rh8 22. Rh1 Qd7 23. h4 h6 24. hxg5 hxg5 25. Rff1 b5 26. b3 a5 27. Rxh8 Kxh8 28.
Rh1+ Kg7 29. Nh5+ Bxh5 30. Rxh5 b4 31. Qd1 Rh8 32. Qh1 Qe8 33. Rxh8 Qxh8 34. Qxh8+ Kxh8 35. Kf2 Nc8 36. Be2 Nb6 37. Bd1 Nd7 38. Bc2 Nc5 39.
Ke2 Kg7 40. Kf3 Kf7 41. Ke2 Ke7 42. Kf3 Kd7 43. Ke2 Kc6 44. Kf3 Kb6 45. Ke2 Ka6 46.
Kd1 Nb7 47. Kc1 Nd8 48. Kb2 Nf7 49. a3 Nh6 50. Bd1 bxa3+ 51. Kxa3 Kb6 52. b4 axb4+ 53. Kxb4 Nf7 54. Be2 Nd8 55. Bd1 Nc6+ 56. Kb3 Kc5 57. Be2 Na5+ 58. Ka4 Nc6 59. Kb3 Kb6 60. Ka4 Nb8 61.
Kb3 Ka5 62. Ka3 Nd7 63. Bf1 Nc5 64. Be2 Na4 65. Bf1 Nc3 66. Kb3 Nd1 67. Be2 Ne3 68. Ka3 Ng2 69. Kb3 Ne3 70. Ka3 Kb6 71. Kb3 Kc5 72. Kb2 Kb4 73. Bf3 Ka4 74. Be2 Kb4 75. Bf3 Ng2 76. Bxg2 Ka4 77. Bf3 Kb4 78. Bd1 d5 79. cxd5 Kc5 80. Kb3 1-0

[Event "*** Titled Tuesday Blitz"]
[Site "Chess.com"]
[Date "2018.11.06"]
[Round "8"]
[White "Msb2"]
[Black "VladimirPotkin"]
[Result "0-1"]
[WhiteElo "2858"]
[BlackElo "2661"]
[TimeControl "180+2"]
[EndTime "14:52:50 PST"]
[Termination "VladimirPotkin won by resignation"]

1. d4 Nf6 2. c4 e6 3. g3 d5 4. Bg2 dxc4 5. Qa4+ c6 6. Qxc4 b5 7. Qc2 Bb7 8. Nf3 Nbd7 9. O-O c5 10. dxc5 Bxc5 11. Bf4 Rc8 12. Qd1 O-O 13. Bd6 Bxd6 14. Qxd6 Ne4 15. Qa3 Qb6 16. Nbd2 Ndf6 17. Nxe4 Nxe4 18.
e3 b4 19. Qb3 Nc5 20. Qc2 Be4 21. Qc4 Bd3 22. Qh4 Bxf1 23. Rxf1 Rfd8 24. Nd4 g6 25.
Nc6 Rxc6 26. Bxc6 Rd2 27. Bf3 Nd3 28. Qf6 e5 29. Qg5 Kg7 30. Be4 h6 31. Qe7 Qf6 32.
Qd7 Qe6 33. Qxa7 Nxb2 34. Qc5 Qd6 35. Qxd6 Rxd6 36. Kg2 f5 37. Rb1 Rd2 38. Bf3 Nd3 39.
Kg1 Nxf2 40. Rxb4 e4 41. Rb7+ Kf6 42. Rb6+ Ke5 43. Bg2 Ng4 44. Rb5+ Kf6 45. Rb3 Re2 46. Bf1 Rxa2 47. Rb6+ Ke5 48. Rb5+ Kd6 49. Rb6+ Kc5 50. Rb5+ Kc6 51. Rb3 Ne5 52. Rc3+ Kd6 53. Bg2 Rd2 54. h3 Rd1+ 55. Kf2 Rd2+ 56. Kf1 Nd3 57. Ra3 Kc5 58. Ra6 Rd1+ 59. Ke2 Re1+ 60. Kd2 Rg1 61. Rxg6 Rxg2+ 62. Kc3 Kd5 63. Rxh6 Rxg3 64. Rh5 Ke5 65. Kd2 Rg2+ 66. Kc3 Re2 0-1

[Event "*** Titled Tuesday Blitz"]
[Site "Chess.com"]
[Date "2018.11.06"]
[Round "8"]
[White "AsaHoffmann"]
[Black "Perecke"]
[Result "1-0"]
[WhiteElo "2079"]
[BlackElo "1982"]
[TimeControl "180+2"]
[EndTime "14:52:50 PST"]
[Termination "AsaHoffmann won by resignation"]

1. d4 d5 2. Bg5 f6 3. Bf4 g5 4. Bg3 h5 5. h3 h4 6. Bh2 Nh6 7. e3 Bg7 8. Bd3 Nf7 9. c4 c6 10. Nc3 Be6 11. cxd5 cxd5 12. Qb3 Qd7 13. Nge2 Nc6 14.
a3 a6 15. Na4 Na5 16. Qd1 Qd8 17. Nc5 Bc8 18. b4 Nc6 19. f4 O-O 20. O-O g4 21. hxg4 b6 22. Nb3 Bxg4 23. Qe1 Bxe2 24. Bxe2 e5 25.
Qxh4 exd4 26. Nxd4 Nxd4 27. exd4 Qe7 28. Rae1 Rfe8 29.
Bd3 Qd7 30. Qh7+ Kf8 31. Qf5 Qxf5 32. Bxf5 Nd6 33. Bd3 f5 34. Re5 Bxe5 35. fxe5 Ne4 36. Rxf5+ Ke7 37. Bxe4 dxe4 38. Rf4 Ke6 39. Rxe4 Rad8 40. Bg3 Rc8 41. Rh4 Rg8 42. Kh2 Rc3 43. Rh6+ Kd5 44. Bf4 Rc2 45. Rd6+ Ke4 46. Bg3 Rc3 47. Be1 Re3 48. Bf2 Re2 49. Kg1 Rc8 50. Kf1 Rcc2 51. Be1 Rxg2 52. e6 Rh2 53. Kg1 Rcg2+ 54.
Kf1 Rg7 55. Rd7 Rh1+ 56. Ke2 Rg2+ 57. Kd1 Rgg1 58. e7 Rxe1+ 59. Kc2 Kf5 60. d5 Kf6 61. d6 Kf7 62. Rd8 Rh2+ 63. Kd3 Rh3+ 64. Kd2 Rhe3 65.
Rf8+ Kg7 66. Rb8 R3e2+ 67. Kd3 Re3+ 68. Kd4 Re4+ 69. Kd5 Re5+ 70. Kc6 Re6 71. Kd7 Kf7 72. Rf8+ Kg7 73. e8=Q Rxe8 74. Rxe8 Rd1 75. Re3 Kf8 76. Kc7 1-0

[Event "*** Titled Tuesday Blitz"]
[Site "Chess.com"]
[Date "2018.11.06"]
[Round "8"]
[White "gmjlh"]
[Black "Barcelona_Guy"]
[Result "1-0"]
[WhiteElo "2617"]
[BlackElo "2477"]
[TimeControl "180+2"]
[EndTime "14:52:54 PST"]
[Termination "gmjlh won on time"]

1. e4 c6 2. d4 d5 3. e5 c5 4. dxc5 e6 5. Nf3 Bxc5 6. Bd3 Ne7 7.
O-O Ng6 8. a3 Nc6 9. b4 Be7 10.
Re1 O-O 11. Nbd2 f6 12. exf6 Bxf6 13. Rb1 Nf4 14. Bf1 e5 15. Nb3 Ng6 16. c4 d4 17. Nc5 Bg4 18. Be2 Nf4 19. Bxf4 exf4 20. Nxb7 Qc7 21. Nc5 Rae8 22. Nd2 Bc8 23. Bf3 Kh8 24.
Bd5 Ne5 25. Nf3 Bg4 26. Qb3 Bf5 27. Rbd1 Nxf3+ 28. Qxf3 Qd6 29. h3 a5 30. Nb7 Qc7 31.
Nxa5 Bc2 32. c5 d3 33. Rxe8 Rxe8 34. Rxd3 Re1+ 35. Kh2 Bxd3 36. Qxd3 f3+ 37. g3 Qe5 38. Bxf3 Qb2 39. Bg2 Qxf2 40. h4 Re2 41. Qd5 h5 42.
Qxh5+ Kg8 43. Qd5+ Kf8 44. Nc6 Re1 45. Kh3 Rg1 46. Qd6+ Kf7 47. Qd7+ Kg6 48. Be4+ Kh6 49. Qd6 Qf1+ 50. Kg4 Qe2+ 51. Bf3 Qe3 52. Qf4+ Qxf4+ 53. Kxf4 Ra1 54. b5 Rxa3 55. b6 Rb3 56. Ne5 Rb4+ 57.
Kf5 Bd8 58. Nf7+ Kh7 59. Nxd8 1-0

[Event "*** Titled Tuesday Blitz"]
[Site "Chess.com"]
[Date "2018.11.06"]
[Round "8"]
[White "Rashad_Zeynalli"]
[Black "BvsN"]
[Result "1/2-1/2"]
[WhiteElo "2378"]
[BlackElo "2208"]
[TimeControl "180+2"]
[EndTime "14:53:02 PST"]
[Termination "Game drawn - insufficient material"]

1. d4 d5 2. Bf4 Bf5 3. e3 e6 4. c4 Bxb1 5. Rxb1 Bb4+ 6. Ke2 dxc4 7. Rc1 Nf6 8. Rxc4 Bd6 9. Bxd6 cxd6 10. f3 O-O 11. Kf2 Nc6 12. Bd3 Qb6 13. Qb3 Qxb3 14.
axb3 d5 15. Ra4 Rfc8 16. Ne2 Nd7 17. Rc1 Nb6 18. Raa1 Nb4 19. Bb1 Rxc1 20. Nxc1 Rc8 21. Nd3 Nxd3+ 22. Bxd3 a6 23. Ke2 Kf8 24. g4 g6 25. g5 Ke7 26. Kd2 Kd6 27. Rg1 h6 28. f4 hxg5 29. fxg5 Rh8 30. Rg2 Nc8 31. Kc3 Ne7 32.
Rf2 Nf5 33. e4 dxe4 34. Bxe4 b6 35. Bd3 a5 36. Kc4 Rc8+ 37. Kb5 Nxd4+ 38. Kxb6 Rc6+ 39.
Kxa5 Nxb3+ 40. Kb4 Rb6+ 41. Kc3 Rb7 42. h4 Nc5 43. Bc2 Rc7 44. Kd4 e5+ 45. Ke3 Ne6 46.
Bb3 Ke7 47. Bxe6 Kxe6 48. Rf6+ Ke7 49. Kd3 Rb7 50. Kc3 Rc7+ 51. Kd3 Rb7 52. Rf2 Rb4 53. Rh2 Rg4 54. Kc3 Kd6 55. b4 Kd5 56. h5 gxh5 57. Rxh5 Rg3+ 58. Kd2 Kc4 59. Rh4+ Kb5 60. Rh7 Rxg5 61. Rxf7 Kxb4 62. Ke3 Kc5 63. Ke4 Kd6 64. Rf6+ Ke7 65. Ra6 Rh5 66. Kd5 Rg5 67. Re6+ Kd7 68.
Rxe5 Rxe5+ 69. Kxe5 1/2-1/2

[Event "*** Titled Tuesday Blitz"]
[Site "Chess.com"]
[Date "2018.11.06"]
[Round "8"]
[White "MatyChess1"]
[Black "JonahWillow"]
[Result "1-0"]
[WhiteElo "2533"]
[BlackElo "2674"]
[TimeControl "180+2"]
[EndTime "14:53:18 PST"]
[Termination "MatyChess1 won by resignation"]

1. e4 c5 2. Nf3 e6 3. g3 Nc6 4. Bg2 d5 5. exd5 exd5 6. O-O Nf6 7. d4 Be7 8. dxc5 O-O 9. Bg5 Be6 10. Nc3 Bxc5 11.
Bxf6 Qxf6 12. Nxd5 Qxb2 13. Nc7 Rad8 14. Qb1 Qxb1 15. Rfxb1 b6 16. Nxe6 fxe6 17. c3 Rd3 18. Ng5 Rxf2 19. Ne4 Rf5+ 20. Kh1 Na5 21. Bh3 Re5 22.
Nxc5 Rxc5 23. Bxe6+ Kf8 24. Rf1+ Ke7 25. Rae1 Kd6 26.
Rf7 Rcxc3 27. Rd7+ Kc5 28. Rxa7 Re3 29. Rxe3 Rxe3 30.
Bg8 Re1+ 31. Kg2 Re2+ 32. Kh3 g5 33. Rxh7 Nc6 34. Rg7 Re5 35. Kg4 Ne7 36. Bb3 Kd4 37. Rxg5 Re2 38. h4 Nc6 39. Rd5+ Kc3 40. Rb5 Ne5+ 41. Kh3 Re1 42. Rxb6 Kd4 43. Rd6+ Ke3 44. Rf6 Rh1+ 45. Kg2 Re1 46. Rf8 Re2+ 47. Kh3 Re1 48.
Kg2 Re2+ 49. Kh3 Re1 50. Bd5 Kd4 51. Rd8 Ke3 52. Rf8 Kd4 53. Bg8 Ke3 54. Bb3 Rh1+ 55. Kg2 Re1 56. h5 Re2+ 57. Kh3 Re1 58. Kg2 Re2+ 59. Kh3 Re1 60. Bd5 Kd4 61. Bb7 Rb1 62.
Bg2 Rb6 63. Rf4+ Kd3 64. g4 Nf7 65. Rxf7 Ke2 66. Kh4 Ke3 67. Bd5 Kd4 68. Bb3 Ke4 69. g5 Rb4 70. h6 1-0

[Event "*** Titled Tuesday Blitz"]
[Site "Chess.com"]
[Date "2018.11.06"]
[Round "8"]
[White "murmah2003"]
[Black "xamax2000"]
[Result "1-0"]
[WhiteElo "2508"]
[BlackElo "2473"]
[TimeControl "180+2"]
[EndTime "14:53:21 PST"]
[Termination "murmah2003 won by resignation"]

1. d4 Nf6 2. c4 g6 3. Nf3 Bg7 4. Nc3 O-O 5. e4 d6 6. Be2 Na6 7. O-O e5 8. Be3 Ng4 9. Bg5 Qe8 10. h3 f6 11. Bc1 Nh6 12. c5 exd4 13. Bxa6 dxc3 14. Bc4+ Be6 15. Qb3 Bxc4 16. Qxc4+ Qf7 17. Qxc3 dxc5 18. Qxc5 Rfe8 19. Re1 Qe7 20. Qd5+ Nf7 21. Qxb7 Rab8 22. Qxa7 Nd6 23. b3 f5 24. e5 Ne4 25.
Bb2 g5 26. Qd4 h5 27. Rxe4 fxe4 28. Qxe4 Rb4 29. Qg6 Qf7 30. Qxg5 Rf4 31. e6 Rxe6 32. Bxg7 Rg6 33. Qd8+ Kxg7 34. Ne5 Qf6 35. Qxc7+ Kh6 36. Nxg6 Qxa1+ 37. Kh2 Rxf2 38. Nf4 Qf6 39. Nd5 Qg6 40. Ne3 Rxa2 41. Qf4+ Kh7 42. b4 Rb2 43. Qc7+ Kh6 44.
Qf4+ Kh7 45. Qc7+ Kh6 46. Qf4+ Kh7 47. h4 Qg7 48. Qf5+ Kh6 49. Qf4+ Kh7 50. Qf5+ Kh6 51.
Qe6+ Kh7 52. Qe4+ Kh8 53. Nf5 Qc7+ 54. Kh3 Qc3+ 55. g3 Kh7 56. Qe7+ Kg6 57. Qg5+ Kf7 58. Qxh5+ Ke6 59. Qg6+ Kd5 60. Qd6+ Ke4 61. Qf4+ Kd5 62. Ne3+ Kc6 63. Qf3+ Kb5 64. Qb7+ Ka4 65. Nd1 Qxb4 66. Nxb2+ Kb3 67. Qxb4+ Kxb4 68. h5 1-0

[Event "*** Titled Tuesday Blitz"]
[Site "Chess.com"]
[Date "2018.11.06"]
[Round "8"]
[White "santosalberto1987"]
[Black "PowerThinking2650"]
[Result "1-0"]
[WhiteElo "2403"]
[BlackElo "2301"]
[TimeControl "180+2"]
[EndTime "14:53:21 PST"]
[Termination "santosalberto1987 won on time"]

1. d4 Nf6 2. Nf3 g6 3. Bf4 Bg7 4. e3 O-O 5. Be2 b6 6. O-O Bb7 7. a4 a6 8. h3 d6 9. Nbd2 Nbd7 10.
c3 c5 11. Bh2 cxd4 12. cxd4 Nd5 13. Qb3 a5 14. Ne1 Nb4 15. Nc2 Bd5 16. Bc4 Bxc4 17.
Nxc4 Nxc2 18. Qxc2 Nf6 19. Qb3 Nd5 20. Nxd6 Nb4 21. Nb5 Rc8 22. Rac1 Qd7 23. Rc3 Nd5 24. Rxc8 Rxc8 25. Nc3 Nb4 26. Bg3 e6 27. Rc1 h5 28.
Ne2 Rxc1+ 29. Nxc1 g5 30. Ne2 Qc6 31. Nc3 h4 32.
Bh2 Nd5 33. Qb5 Qxb5 34. Nxb5 Bf8 35. Kf1 f5 36. Ke2 Kf7 37. f3 f4 38. exf4 gxf4 39. Nc3 Bd6 40. Nxd5 exd5 41. Bg1 Ke6 42. Bf2 Be7 43.
Kd3 Kd7 44. Be1 Kc6 45. Bd2 Bg5 46. b4 axb4 47. Bxb4 Bd8 48. Kc3 Bf6 49. Bf8 Bg5 50.
Bg7 Kb7 51. Kb4 Kc6 52. Be5 Be7+ 53. Kb3 Bg5 54. Bg7 Kb7 55. Kc3 Ka6 56. Bf8 b5 57. Kb4 bxa4 58. Kxa4 Kb6 59. Kb4 Bf6 60. Bd6 Bg5 61.
Be5 Kc6 62. Ka5 Bh6 63. Bf6 Bf8 64. Bxh4 Bg7 65. Bg5 Bxd4 66. Bxf4 Kc5 67. h4 Kc4 68. h5 1-0

[Event "*** Titled Tuesday Blitz"]
[Site "Chess.com"]
[Date "2018.11.06"]
[Round "8"]
[White "OparinGrigoriy"]
[Black "kuli4ik"]
[Result "1-0"]
[WhiteElo "2924"]
[BlackElo "2793"]
[TimeControl "180+2"]
[EndTime "14:53:31 PST"]
[Termination "OparinGrigoriy won on time"]

1. Nf3 Nc6 2. g3 e5 3. e4 Bc5 4.
Bg2 d6 5. c3 Bb6 6. O-O Nf6 7.
d4 O-O 8. Qd3 exd4 9. Nxd4 Nxd4 10. cxd4 Re8 11. Nc3 c6 12. Bf4 Bg4 13. h3 Be6 14.
Rad1 h6 15. Rfe1 Rc8 16. Be3 Ba5 17. a3 Bb3 18. Rc1 b5 19. f4 a6 20. Bf2 Qd7 21. Re3 Bc4 22. Qd1 Qd8 23. b3 Be6 24. f5 Bd7 25. g4 Nh7 26. Re2 Bb6 27. Qd3 a5 28. Rce1 b4 29. axb4 axb4 30. Na4 Ba7 31. e5 dxe5 32. dxe5 Bxf2+ 33. Rxf2 c5 34. Nb2 Qc7 35. Rfe2 Bc6 36. e6 fxe6 37. Rxe6 Rxe6 38. Rxe6 Bxg2 39. Kxg2 Ng5 40. Rd6 Re8 41. Nc4 Kh8 42. f6 Qb7+ 43. Qd5 Qxd5+ 44. Rxd5 gxf6 45. h4 Ne4 46. h5 Re7 47. Ne3 Nc3 48. Rd8+ Kh7 49. Nf5 Rc7 50.
Rd6 c4 51. bxc4 Rb7 52. c5 b3 53. c6 b2 54. cxb7 b1=Q 55. Rd7+ Kg8 56. Rd8+ Kf7 57. b8=Q Qe4+ 58. Kh2 Qe2+ 59. Kh3 Qf1+ 60. Kh4 Qh1+ 61. Kg3 Qg1+ 62. Kf3 Qf1+ 63. Ke3 Qe2+ 64. Kd4 Nb5+ 65. Kc5 Qc2+ 66. Kb6 Qb3 67. Rd7+ Ke6 68. Qg8+ Kxd7 69. Qxb3 1-0